 Dungeon Crawl Stone Soup version 0.28-a0-1447-ga5a8893891 (webtiles) character file.

Game seed: 11120037364743788904

165 dolemite99 the Chopper (level 5, -1/67 HPs)
             Began as a Hill Orc Monk on Jan 11, 2022.
             Slain by an iguana (7 damage)
             ... on level 4 of the Dungeon.
             The game lasted 00:03:58 (2995 turns).

dolemite99 the Chopper (Hill Orc Monk)              Turns: 2995, Time: 00:03:59

Health: -1/67      AC: 22    Str: 15 (16) XL:     5   Next: 46%
Magic:  0/5        EV:  2    Int:  7 (10) God:
Gold:   21         SH:  0    Dex: 11 (13) Spells: 4/4 levels left

rFire   . . .      SeeInvis .   b - +2 spear (venom)
rCold   . . .      Faith    .   (no shield)
rNeg    . . .      Spirit   +   (armour currently unavailable)
rPois   +          Reflect  .   (helmet currently unavailable)
rElec   .          Harm     .   (cloak currently unavailable)
rCorr   .          Rampage  .   (gloves currently unavailable)
Will    .....      NoTele   +   (boots currently unavailable)
Stlth   ++........              g - amulet of guardian spirit
HPRegen 0.21/turn               (no ring)
MPRegen 0.09/turn               (no ring)

@: mighty, tree-form
A: stationary, stasis, torment immunity, boosted hp
a: no special abilities


You were on level 4 of the Dungeon.
You were a tree.
You visited 1 branch of the dungeon, and saw 4 of its levels.

You collected 80 gold pieces.
You spent 59 gold pieces at shops.

Inventory:

Hand Weapons
 a - a +1 hand axe
 b - a +2 spear of venom (weapon)
 j - a +5 vorpal broad axe
Missiles
 e - 93 stones (quivered)
 k - a throwing net
 o - 5 boomerangs
 q - 18 sling bullets
 s - 11 arrows
Armour
 d - a +0 chain mail (melded)
 i - a +0 robe
Jewellery
 g - an amulet of guardian spirit (around neck)
Scrolls
 h - a scroll of vulnerability
 m - a scroll of fear
 n - 2 scrolls of noise
 p - 2 scrolls of teleportation
 r - a scroll of brand weapon {unknown}
Potions
 c - a potion of might


   Skills:
 - Level 3.6 Fighting
 - Level 6.0(6.8) Axes
 + Level 4.0(5.1) Polearms
 - Level 2.4 Dodging
 - Level 1.5 Stealth


You had 4 spell levels left.
You didn't know any spells.
Your spell library contained the following spells:

 Spells                   Type           Power      Damage    Failure   Level
 Magic Dart               Conj           0%         1d3       43%         1
 Call Imp                 Summ           0%         N/A       56%         2
 Mephitic Cloud           Conj/Pois/Air  0%         N/A       80%         3


Dungeon Overview and Level Annotations

Branches:
Dungeon (4/15)
 Temple: D:4-7

Altars:

Shops:
D:1 *   D:3 ?


Message History

The iguana bites you but does no damage.
The kobold unwields a +0 hand crossbow.
The kobold wields a +0 club.
The kobold closely misses you.
You completely miss the kobold.
The iguana bites you but does no damage.
The kobold hits you with a +0 club.
You hit the kobold.
The kobold is severely wounded.
The iguana bites you!
You completely miss the kobold.
The kobold is severely wounded.
The kobold barely misses you.
You hit the kobold.
You kill the kobold!
The iguana bites you.
You completely miss the iguana. The iguana bites you.
You hit the iguana.
The iguana is moderately wounded.
The iguana bites you!
* * * LOW HITPOINT WARNING * * *
You hit the iguana.
The iguana is heavily wounded.
The iguana bites you.
* * * LOW HITPOINT WARNING * * *
You hit the iguana but do no damage.
The iguana is poisoned.
The iguana is heavily wounded.
The iguana bites you.
* * * LOW HITPOINT WARNING * * *
It was a potion of might.
You feel very mighty all of a sudden.
The iguana bites you but does no damage.
It was a potion of lignification.
You turn into a tree.
Your +0 chain mail melds into your body.
Your roots penetrate the ground.
The iguana bites you but does no damage.
It was a potion of degeneration.
There was something very wrong with that liquid.
You feel weakened.
You feel dopey.
You feel clumsy. The iguana bites you!
You die...

#.# #..# ..# ## # ..#
### ..#### ##### ...#
.....# ##...##...#.
.....########.......(...
........................
.........###...l.......(
########........♣(......
######....[..>..#
##...##.(.## ##### ###


You could see an iguana (very poisoned).

Vanquished Creatures
  A hound (D:3)
  A jelly (D:3)
  A hound skeleton (D:4)
  2 adders
  3 worms
  3 dart slugs
  2 orcs (D:3)
  7 bats
  5 endoplasms
  2 giant cockroaches
  4 goblins
  5 hobgoblins
  3 jackals (D:2)
  A quokka (D:2)
  6 ball pythons
  5 frilled lizards
  3 kobolds
  9 rats
63 creatures vanquished.

Vanquished Creatures (others)
  2 plants (D:1)
  5 toadstools (D:1)
7 creatures vanquished.

Grand Total: 70 creatures vanquished

Notes
Turn   | Place    | Note
-------+----------+-------------------------------------------
     0 | D:1      | dolemite99 the Hill Orc Monk began the quest for the Orb.
     0 | D:1      | Reached XP level 1. HP: 19/19 MP: 1/1
    21 | D:1      | Found a faded altar of an unknown god.
    98 | D:1      | Reached XP level 2. HP: 21/26 MP: 2/2
   316 | D:1      | Reached skill level 5 in Axes
   586 | D:1      | Found Nase Cuodyum's Assorted Antiques.
   762 | D:1      | Bought a scroll labelled HAXAUK OGUEX for 29 gold pieces
   844 | D:2      | Reached XP level 3. HP: 29/31 MP: 3/3
  1180 | D:2      | Reached skill level 6 in Axes
  1760 | D:2      | Reached skill level 1 in Polearms
  1760 | D:2      | Reached XP level 4. HP: 39/39 MP: 4/4
  2139 | D:3      | Reached XP level 5. HP: 24/45 MP: 2/5
  2333 | D:3      | Found Volemah's Magic Scroll Boutique.
  2365 | D:3      | Bought a scroll of teleportation for 30 gold pieces
  2448 | D:3      | Identified a scroll of acquirement
  2448 | D:3      | Acquired a +4 vorpal broad axe
  2995 | D:4      | Slain by an iguana

Illustrated notes

Levels and vault maps discovered:
D:1:      ldierk_walled_garden, layout_loops_cross,
          hellmonk_ecumenical_altar_blasted, serial_shops,
          nicolae_shop_behind_doors, minivault_24
D:2:      layout_basic, grunt_ministairs_3
D:3:      layout_rooms, serial_shops, shop_scrolls, hangedman_decor_slide_cut,
          minmay_bisected
D:4:      layout_rooms, serial_shops, nicolae_inconvenience_store,
          uniq_eustachio

Skill      XL: |  1  2  3  4  5 |
---------------+----------------+-----
Axes           | 5 6 |  6.0
Polearms       | 1 3 4 |  4.0
Fighting       | |  3.6
Dodging        | |  2.4
Stealth        | |  1.5

Action                   |  1- 3 |  4- 6 || total
-------------------------+-------+-------++-------
Melee: Hand axe          |   109 |       ||   109
       Spear             |    21 |    83 ||   104
       Punch             |     1 |     1 ||     2
Throw: Stone             |     5 |    12 ||    17
  Use: Scroll            |     1 |     5 ||     6
       Potion            |       |     3 ||     3
 Stab: Sleeping          |     2 |       ||     2
Armor: Robe              |     6 |       ||     6
       Chain mail        |    47 |    26 ||    73
       Skin              |       |     1 ||     1
Dodge: Dodged            |    70 |    17 ||    87

Table legend: (Time is in decaauts)
 A = Elapsed time spent in this place.
 B = Non-inter-level travel time spent in this place.
 C = Inter-level travel time spent in this place.
 D = Time resting spent in this place.
 E = Time spent auto-exploring this place.
 F = Levels seen in this place.
 G = Mean time per level.
                   A        B        C        D        E       F      G
               +--------+--------+--------+--------+--------+-----+--------+
         Total |   2988 |   2886 |    102 |    440 |   1814 |   4 |  747.0 |
       Dungeon |   2988 |   2886 |    102 |    440 |   1814 |   4 |  747.0 |
               +--------+--------+--------+--------+--------+-----+--------+

Top non-repeatable levels by time:
     D:2: 1174 daAuts
     D:3: 881 daAuts
     D:1: 790 daAuts
     D:4: 141 daAuts
